 Dungeon Crawl Stone Soup version 0.29.1-1-gd02db6906a (webtiles) character file.

Game seed: 15876212449884123492

478 Icepheonix32 the Trooper (level 6, -8/56 HPs)
             Began as a Minotaur Fighter on Sept 15, 2022.
             Mangled by a wraith (10 damage)
             ... in an ossuary.
             The game lasted 00:04:58 (3312 turns).

Icepheonix32 the Trooper (Minotaur Fighter)         Turns: 3312, Time: 00:04:59

Health: -8/56      AC:  8    Str: 23    XL:     6   Next: 86%
Magic:  5/5        EV: 10    Int:  5    God:
Gold:   11         SH:  4    Dex:  9    Spells: 5/5 levels left

rFire   . . .      SeeInvis +   x - +0 falchion (holy)
rCold   . . .      Faith    .   c - +0 buckler
rNeg    + . .      Spirit   .   b - +1 scale mail
rPois   .          Reflect  .   (helmet restricted)
rElec   .          Harm     .   (no cloak)
rCorr   .          Rampage  .   (no gloves)
Will    .....                   (no boots)
Stlth   ..........              (no amulet)
HPRegen 0.18/turn               p - ring of see invisible
MPRegen 0.09/turn               r - ring of positive energy

@: hasted and slowed
A: horns 2, retaliatory headbutt
a: no special abilities


You were in an ossuary.
You visited 1 branch of the dungeon, and saw 5 of its levels.
You also visited: Ossuary.

You collected 141 gold pieces.
You spent 130 gold pieces at shops.

Inventory:

Hand Weapons
 a - a +0 war axe
 v - a +1 antimagic dagger
 x - a +0 falchion of holy wrath (weapon)
Missiles
 D - 3 javelins (quivered)
Armour
 b - a +1 scale mail (worn)
 c - a +0 buckler (worn)
 F - a +0 chain mail
Jewellery
 g - a ring of magical power
 o - a +6 ring of intelligence
 p - a ring of see invisible (left hand)
 r - a ring of positive energy (right hand)
 s - an amulet of faith
Wands
 y - a wand of charming (9)
Scrolls
 j - a scroll of immolation {unknown}
 k - a scroll of magic mapping {unknown}
 l - a scroll of teleportation
 m - a scroll of summoning {unknown}
 t - a scroll of enchant armour
 A - a scroll of fear
 B - a scroll of brand weapon {unknown}
Potions
 d - 2 potions of might
 e - 5 potions of mutation {unknown}
 f - a potion of attraction {unknown}
 h - a potion of invisibility {unknown}
 i - a potion of resistance {unknown}
 q - a potion of heal wounds {unknown}
 u - 3 potions of curing
 w - a potion of lignification {unknown}
 z - 3 potions of flight {unknown}
 C - 2 potions of brilliance {unknown}
 E - 2 potions of haste


   Skills:
 * Level 5.5 Fighting
 + Level 1.5 Long Blades
 - Level 3.7 Axes
 + Level 3.0 Throwing
 + Level 5.5 Armour
 + Level 1.9 Dodging
 + Level 0.2 Stealth
 + Level 4.1 Shields


You had 5 spell levels left.
You didn't know any spells.
Your spell library contained the following spells:

 Spells                   Type           Power      Damage    Failure   Level
 Ozocubu's Armour         Ice            0%         N/A       99%         3
 Metabolic Englaciation   Hex/Ice        0%         N/A       100%        5
 Simulacrum               Ice/Necr       0%         N/A       100%        6


Dungeon Overview and Level Annotations

Branches:
Dungeon (5/15)            Ossuary (1/1)
 Temple: D:4-7

Altars:
Nemelex Xobeh

Shops:
D:4 !


Innate Abilities, Weirdness & Mutations

You have a pair of horns on your head.
You reflexively headbutt those who attack you in melee.


Message History

You are too injured to fight recklessly!
You are too injured to fight recklessly!
You are too injured to fight recklessly!
You are too injured to fight recklessly!
You are too injured to fight recklessly!
You are too injured to fight recklessly!
You are too injured to fight recklessly!
You are too injured to fight recklessly!
You are too injured to fight recklessly!
You are too injured to fight recklessly!
You are too injured to fight recklessly!
You are too injured to fight recklessly!
You are too injured to fight recklessly!
You are too injured to fight recklessly!
You are too injured to fight recklessly!
Unknown command.
You feel yourself speed up. The wraith hits you but does no damage.
The wraith barely misses you.
You feel better. The wraith hits you! The wraith drains your vigour!
You feel as though you will be slow longer.
You closely miss the wraith. Your headbutt misses the wraith.
The wraith is moderately damaged.
You block the wraith's attack.
You closely miss the wraith. You headbutt the wraith.
The wraith is heavily damaged.
The wraith hits you!
* * * LOW HITPOINT WARNING * * *
The wraith drains your vigour!
You feel as though you will be slow longer.
You hit the wraith but do no damage.
The wraith is heavily damaged.
The wraith closely misses you.
You hit the wraith but do no damage.
The wraith is heavily damaged.
The wraith hits you!
* * * LOW HITPOINT WARNING * * *
The wraith drains your vigour!
You feel as though you will be slow longer.
The wraith hits you!
You die...

#####+#####
#.....@...##
#...##W##...## .
.##...##...## .
##.?.!.##...# ..
#.???...#...+
...##.??!.##...#
#...##...##...##
#...#####...## .
##.........##...


You could see a wraith.

Vanquished Creatures
  A sky beast (D:4)
  A black bear (D:4)
  A scorpion (D:4)
  An orc priest (D:3)
  3 orc wizards
  A mummy (Ossuary)
  4 adders
  A white imp (D:4)
  2 worms
  3 dart slugs
  5 orcs
  7 endoplasms
  2 giant cockroaches
  4 goblins
  4 hobgoblins
  8 kobolds
  3 quokkas
  11 ball pythons
  4 bats
  A frilled lizard (D:1)
  4 gnoll skeletons (Ossuary)
  A goblin zombie (D:5)
  2 kobold skeletons (Ossuary)
  3 orc skeletons (Ossuary)
  6 rats
83 creatures vanquished.

Vanquished Creatures (others)
  A plant (D:1)
1 creature vanquished.

Grand Total: 84 creatures vanquished

Notes
Turn   | Place    | Note
-------+----------+-------------------------------------------
     0 | D:1      | Icepheonix32 the Minotaur Fighter began the quest for the
                  | Orb.
     0 | D:1      | Reached XP level 1. HP: 19/19 MP: 0/0
    48 | D:1      | Reached XP level 2. HP: 27/27 MP: 1/1
   290 | D:1      | Found a faded altar of an unknown god.
   453 | D:1      | Reached XP level 3. HP: 33/33 MP: 2/2
  1039 | D:3      | Reached XP level 4. HP: 41/41 MP: 3/3
  1048 | D:3      | Reached skill level 1 in Throwing
  1622 | D:3      | Reached XP level 5. HP: 47/47 MP: 4/4
  1963 | D:4      | Noticed a black bear
  1973 | D:4      | Killed a black bear
  1974 | D:4      | Reached skill level 5 in Fighting
  2095 | D:4      | Found a sparkling altar of Nemelex Xobeh.
  2188 | D:4      | Found Jedonism's Distillery.
  2196 | D:4      | Bought a potion of haste for 100 gold pieces
  2196 | D:4      | Bought a potion of curing for 30 gold pieces
  2331 | D:4      | Reached skill level 1 in Dodging
  2331 | D:4      | Reached XP level 6. HP: 36/56 MP: 5/5
  2545 | D:4      | Noticed a sky beast
  2561 | D:4      | Killed a sky beast
  2562 | D:4      | Reached skill level 1 in Long Blades
  2562 | D:4      | Reached skill level 5 in Armour
  3209 | D:5      | Entered Level 5 of the Dungeon
  3213 | D:5      | Found a sand-covered staircase.
  3219 | Ossuary  | Entered an ossuary
  3219 | Ossuary  | Noticed a wraith
  3219 | Ossuary  | Noticed a wraith
  3219 | Ossuary  | Noticed a wraith
  3282 | Ossuary  | Noticed a wraith
  3312 | Ossuary  | HP: 2/56 [wraith (9)]
  3312 | Ossuary  | Mangled by a wraith

Illustrated notes

Levels and vault maps discovered:
D:1:      ncdulo_watergridlock, layout_rooms,
          shapermc_ecumenical_altar_mp_urbaneastern
D:2:      layout_basic
D:3:      layout_basic, minmay_stone_trees_large, minmay_shallow_snake_nest
D:4:      layout_basic, nicolae_overflow_crystal_walls, serial_shops,
          nicolae_shop_statue_plus
D:5:      layout_basic, serial_glass, glass_columns_b, glass_columns_b,
          due_unseen_surprise, item_on_display_a, minmay_strange_pillars,
          enter_ossuary_4, grunt_decor_clamped, grunt_ministairs_14
Ossuary:  ossuary_due_mausoleum

Skill      XL: |  1  2  3  4  5  6 |
---------------+-------------------+-----
Fighting       | 4 5 |  5.5
Shields        | 4 |  4.1
Armour         | 4 5 |  5.5
Axes           | 3 |  3.7
Throwing       | 1 2 3 |  3.0
Dodging        | 1 |  1.9
Long Blades    | 1 |  1.5
Stealth        | |  0.2

Action                   |  1- 3 |  4- 6 || total
-------------------------+-------+-------++-------
Melee: War axe           |    44 |    28 ||    72
       Headbutt          |     5 |    27 ||    32
       Falchion          |       |    84 ||    84
Throw: Boomerang         |    21 |    38 ||    59
       Javelin           |       |     9 ||     9
  Use: Scroll            |       |     4 ||     4
       Potion            |       |     2 ||     2
Armor: Scale mail        |    25 |    58 ||    83
Dodge: Dodged            |    20 |    77 ||    97
Block: Buckler           |     8 |    26 ||    34
